 Dungeon Crawl Stone Soup version 0.31-a0-233-g139696dc86 (webtiles) character file.

Game seed: 16540518596014609960

697 qw the Skirmisher (level 7, -1/61 HPs)
             Began as a Minotaur Hexslinger on July 8, 2023.
             Slain by a gnoll
             ... wielding a +0 whip
             ... led by a gnoll sergeant
              (3 damage)
             ... on level 4 of the Dungeon.
             The game lasted 00:01:31 (4442 turns).

qw the Skirmisher (Minotaur Hexslinger)             Turns: 4442, Time: 00:01:31

Health: -1/61      AC:  3    Str: 13    XL:     7   Next: 38%
Magic:  7/7        EV: 12    Int: 10    God:
Gold:   116        SH:  0    Dex: 14    Spells: 7/8 levels left

rFire   + . .        Y - +1 sling
rCold   . . .        (no shield)
rNeg    . . .        e - +0 robe {rF+}
rPois   .            (helmet restricted)
rElec   .            (no cloak)
rCorr   .            i - +0 pair of gloves
SInv    .            (no boots)
Will    .....        (no amulet)
Stlth   +            (no ring)
HPRegen 0.30/turn    (no ring)
MPRegen 0.10/turn

%: no passive effects
@: no status effects
A: horns 2, retaliatory headbutt
a: no special abilities


You were on level 4 of the Dungeon.
You visited 1 branch of the dungeon, and saw 4 of its levels.

You collected 154 gold pieces.
You spent 38 gold pieces at shops.


Innate Abilities, Weirdness & Mutations

You have a pair of horns on your head.
You reflexively headbutt those who attack you in melee.


   Skills:
 - Level 5.0 Fighting
 - Level 8.0 Ranged Weapons
 + Level 2.1 Dodging
 - Level 1.0 Spellcasting
 - Level 2.0 Hexes


You had 7 spell levels left.
You knew the following spells:

 Your Spells              Type           Power      Damage    Failure   Level
a - Slow                  Hex            16%        N/A       16%         1

Your spell library contained the following spells:

 Spells                   Type           Power      Damage    Failure   Level
 Inner Flame              Hex/Fire       2%         N/A       56%         3
 Portal Projectile        Hex/Tloc       4%         N/A       56%         3
 Cause Fear               Hex            2%         N/A       83%         4

Inventory:

Hand Weapons
 Y - a +1 sling (weapon)
Armour
 c - a +0 ring mail
 e - a +0 robe of fire resistance (worn)
 g - a +0 leather armour
 i - a +0 pair of gloves (worn)
Jewellery
 d - a ring of fire
 f - a ring of fire
 l - a +6 ring of strength
Scrolls
 a - 2 scrolls of identify
 m - a scroll of fog {unknown}
 n - a scroll of enchant armour {unknown}
Potions
 b - 2 potions of enlightenment {unknown}
 h - 2 potions of curing {unknown}
 j - a potion of might
 k - a potion of heal wounds {unknown}

Dungeon Overview and Level Annotations

Branches:
Dungeon (4/15)
 Temple: D:4-7

Altars:
Qazlal
Trog
Uskayaw
Vehumet

Shops:
D:3 [


Message History

You shoot a sling bullet.
The sling bullet hits the gnoll but does no damage.
The gnoll hits you with a +0 flail. The jackal barely misses you.
You shoot a sling bullet. The sling bullet hits the gnoll.
The gnoll is moderately wounded.
The jackal completely misses you.
The gnoll sergeant hits you from afar with a +0 spear of pain.
You writhe in agony.
The gnoll hits you with a +0 flail. The jackal barely misses you.
You shoot a sling bullet.
The sling bullet barely misses the gnoll.
The gnoll sergeant closely misses you. The gnoll hits you with a +0 flail.
The jackal misses you. You furiously retaliate!
You headbutt the jackal!
You kill the jackal!
You shoot a sling bullet. The sling bullet hits the gnoll.
The gnoll is almost dead.
The gnoll sergeant hits you from afar with a +0 spear of pain!
The gnoll closely misses you.
You shoot a sling bullet. The sling bullet hits the gnoll.
You kill the gnoll!
The gnoll sergeant hits you from afar with a +0 spear of pain!
You writhe in agony.
You shoot a sling bullet. The sling bullet hits the gnoll.
The gnoll is moderately wounded.
The gnoll sergeant hits you from afar with a +0 spear of pain.
The gnoll hits you with a +0 whip! The gnoll closely misses you.
You shoot a sling bullet. The sling bullet hits the gnoll.
The gnoll is heavily wounded.
The gnoll sergeant hits you from afar with a +0 spear of pain.
You writhe in agony.
The gnoll barely misses you. The gnoll hits you with a +0 club.
You shoot a sling bullet. The sling bullet hits the gnoll!
You kill the gnoll!
The gnoll sergeant closely misses you. The gnoll misses you.
Your Fighting skill increases to level 5!
You shoot a sling bullet. The sling bullet hits the gnoll!
The gnoll is severely wounded.
The gnoll sergeant hits you from afar with a +0 spear of pain.
You writhe in agony.
The gnoll hits you with a +0 whip.
You die...

..................##.#<#
#####.###.#..........#.#
# #.# #.#######.####.#
#.###.....<....###.#
#####.....###..).......#
.......##.###.###..###.#
............<.# #g.# #.#
#####..##.#######).###.#
# #..##.......@g.)...#
#####..#########..####.#
.).....####.......# #.#
#####............## #[#
#.....#.###### #.# ##
#####.#...# #.# .#
#.###.# #.# .# #.# #.#
#.# .# #.# #.#


You could see a gnoll sergeant and a gnoll.

Vanquished Creatures
  Sigmund (D:3)
  A scorpion (D:4)
  A hound (D:4)
  A jelly (D:4)
  3 orc priests
  2 iguanas (D:4)
  Jessica (D:3)
  An orc wizard (D:4)
  Robin (D:4)
  2 adders
  10 gnolls
  A worm (D:2)
  9 orcs
  3 bats
  4 endoplasms
  A giant cockroach (D:1)
  12 goblins
  6 hobgoblins
  13 jackals
  4 kobolds
  5 quokkas
  3 ball pythons
  3 frilled lizards
  3 rats
91 creatures vanquished.

Notes
Turn   | Place    | Note
-------+----------+-------------------------------------------
     0 | D:1      | qw the Minotaur Hexslinger began the quest for the Orb.
     0 | D:1      | Reached XP level 1. HP: 16/16 MP: 1/1
     0 | D:1      | 0 ||| qw: Version: 0.3-a-46-gb1f654a
     0 | D:1      | 0 ||| qw: Game counter: 3557
     0 | D:1      | 0 ||| qw: Melee chars always use a shield: true
     0 | D:1      | 0 ||| qw: God list: Okawaru
     0 | D:1      | 0 ||| qw: Allow faded altars: false
     0 | D:1      | 0 ||| qw: Do Orc after clearing Dungeon:15 true
     0 | D:1      | 0 ||| qw: Do second Lair branch before Depths: true
     0 | D:1      | 0 ||| qw: Lair rune preference: random
     0 | D:1      | 0 ||| qw: Goals: Normal
     0 | D:1      | 0 ||| PLANNING D:1-11
    34 | D:1      | Reached skill level 3 in Ranged Weapons
    57 | D:1      | Found a faded altar of an unknown god.
    59 | D:1      | Reached XP level 2. HP: 23/23 MP: 2/2
   239 | D:1      | 239 ||| FLEEEEING.
   240 | D:1      | 240 ||| FLEEEEING.
   241 | D:1      | 241 ||| FLEEEEING.
   242 | D:1      | 242 ||| FLEEEEING.
   525 | D:1      | Reached XP level 3. HP: 29/29 MP: 3/3
   638 | D:1      | 638 ||| READING 2 scrolls labelled FADGHU JISKI.
   639 | D:1      | 639 ||| READING scroll labelled HIHIPR GOIWI.
   640 | D:1      | 640 ||| DROPPING scroll of poison.
  1062 | D:2      | You fall into a shaft and drop 1 floor!
  1062 | D:3      | Found a stormy altar of Qazlal.
  1081 | D:3      | Reached skill level 4 in Ranged Weapons
  1121 | D:3      | Reached XP level 4. HP: 36/36 MP: 4/4
  1205 | D:3      | 1205 ||| READING scroll labelled TEDIDO WEGOMIU.
  1206 | D:3      | 1206 ||| READING scroll labelled MOROMNEHALI.
  1307 | D:3      | 1307 ||| DRINKING 2 grey potions.
  1308 | D:3      | 1308 ||| READING 2 scrolls of identify.
  1308 | D:3      | 1308 ||| IDENTIFYING white potion
  1309 | D:3      | 1309 ||| DROPPING potion of invisibility.
  1310 | D:3      | 1310 ||| DROPPING potion of degeneration.
  1989 | D:2      | 1989 ||| READING scroll labelled KYAV QIWKU.
  2049 | D:3      | Identified the +9 spear of Niesuw {flame, Int+4 Stlth+}
  2106 | D:3      | Noticed Sigmund
  2115 | D:3      | Killed Sigmund
  2116 | D:3      | Reached skill level 6 in Ranged Weapons
  2116 | D:3      | Reached XP level 5. HP: 41/41 MP: 5/5
  2124 | D:3      | Found Zeesay's Antique Armour Emporium.
  2130 | D:3      | 2130 ||| SHOPLISTING dyed leather armour (95 gold, have
                  | 68).
  2130 | D:3      | 2130 ||| SHOPLISTING fine ring mail (171 gold, have 68).
  2130 | D:3      | 2130 ||| BUYING leather armour (38 gold).
  2130 | D:3      | Bought a leather armour for 38 gold pieces
  2130 | D:3      | 2130 ||| SHOPLISTING pair of embroidered gloves (142 gold,
                  | have 30).
  2130 | D:3      | 2130 ||| SHOPLISTING ring mail (76 gold, have 30).
  2313 | D:3      | Noticed Jessica
  2318 | D:3      | Killed Jessica
  2319 | D:3      | Reached XP level 6. HP: 50/50 MP: 6/6
  2664 | D:3      | Found a hide-covered altar of Uskayaw.
  2665 | D:3      | Found a radiant altar of Vehumet.
  2701 | D:3      | 2701 ||| UPGRADING to +0 robe of fire resistance.
  2711 | D:3      | 2711 ||| DROPPING +0 robe.
  2712 | D:3      | 2712 ||| UPGRADING to +0 pair of gloves.
  2717 | D:3      | 2717 ||| DRINKING 2 sedimented green potions.
  2729 | D:4      | 2729 ||| FLEEEEING.
  2730 | D:4      | 2730 ||| FLEEEEING.
  2732 | D:4      | 2732 ||| STAIRDANCE
  2774 | D:4      | 2774 ||| STAIRDANCE
  2809 | D:4      | 2809 ||| STAIRDANCE
  2892 | D:4      | 2892 ||| STAIRDANCE
  2898 | D:3      | Reached skill level 3 in Fighting
  3213 | D:4      | Reached skill level 7 in Ranged Weapons
  3362 | D:4      | Noticed Robin
  3386 | D:4      | Killed Robin
  3562 | D:4      | HP: 13/52 [poisoned by a scorpion]
  3564 | D:4      | Reached XP level 7. HP: 13/59 MP: 7/7
  3567 | D:4      | HP: 8/59 [poisoned by a scorpion]
  3798 | D:4      | 3798 ||| FLEEEEING.
  3800 | D:4      | 3800 ||| FLEEEEING.
  3801 | D:4      | 3801 ||| FLEEEEING.
  3802 | D:4      | 3802 ||| FLEEEEING.
  3803 | D:4      | 3803 ||| FLEEEEING.
  3804 | D:4      | 3804 ||| FLEEEEING.
  3805 | D:4      | 3805 ||| FLEEEEING.
  3806 | D:4      | 3806 ||| FLEEEEING.
  3807 | D:4      | 3807 ||| FLEEEEING.
  3808 | D:4      | 3808 ||| FLEEEEING.
  3809 | D:4      | 3809 ||| FLEEEEING.
  3810 | D:4      | 3810 ||| FLEEEEING.
  3811 | D:4      | 3811 ||| FLEEEEING.
  3989 | D:4      | Found a bloodstained altar of Trog.
  3993 | D:4      | Reached skill level 8 in Ranged Weapons
  4439 | D:4      | HP: 13/60 [gnoll/+0 whip[a gnoll sergeant] (9)]
  4442 | D:4      | HP: 3/61 [gnoll sergeant/+0 spear of pain (5)]
  4442 | D:4      | Slain by a gnoll

Levels and vault maps discovered:
D:1:      wheals_arrival_shading, layout_basic,
          nicolae_ecumenical_snake_handling
D:2:      layout_basic
D:3:      layout_basic, mainiacjoe_overflow_brackets,
          gammafunk_temple_overflow_pools, serial_shops, shop, uniq_sigmund,
          uniq_jessica
D:4:      layout_loops_ring, nicolae_overflow_hidden_temple,
          trog_butcher_becter, uniq_robin

Skill      XL: |  1  2  3  4  5  6  7 |
---------------+----------------------+-----
Ranged Weapons | 3 4 6 7 8 |  8.0
Fighting       | 2 4 5 |  5.0
Dodging        | |  2.1
Spellcasting   | |  1.0
Hexes          | |  2.0

Action                     |  1- 3 |  4- 6 |  7- 9 || total
---------------------------+-------+-------+-------++-------
   Fire: Sling             |   106 |   184 |    96 ||   386
    Use: Scroll            |     2 |     4 |       ||     6
         Potion            |       |     2 |       ||     2
 Armour: Robe              |     6 |    16 |     6 ||    28
  Dodge: Dodged            |    24 |    50 |    25 ||    99

Table legend:
 A = Non-vault XP
 B = Vault XP
 C = Vault XP percentage of total XP
 D = Non-vault monster count
 E = Vault monster count
 F = Vault count percentage of total count
                 A         B        C        D         E       F
            +---------+---------+-------+---------+---------+-------
      Total |     683 |     314 |  31.5 |      71 |      20 |  22.0
            +---------+---------+-------+---------+---------+-------
        D:1 |      41 |       2 |   4.7 |      21 |       2 |   8.7
        D:2 |      34 |       0 |   0.0 |      11 |       0 |   0.0
        D:3 |     112 |     268 |  70.5 |      11 |       2 |  15.4
        D:4 |     496 |      44 |   8.1 |      28 |      16 |  36.4
            +---------+---------+-------+---------+---------+-------
